 Dungeon Crawl Stone Soup version 0.19.5 (webtiles) character file.

1787 Peloso the Carver (level 8, -9/71 HPs)
             Began as a Minotaur Fighter on Apr 8, 2017.
             Engulfed by Dumah's ghost's foul pestilence (15 damage)
             ... on level 7 of the Dungeon.
             The game lasted 00:12:36 (4275 turns).

Peloso the Carver (Minotaur Fighter)                Turns: 4275, Time: 00:12:37

Health: -9/71      AC: 10    Str: 21    XL:     8   Next: 82%
Magic:  0/16       EV:  7    Int:  5    God:
Gold:   358        SH: 11    Dex: 12    Spells: 0 memorised, 7 levels left

rFire  . . .     SeeInvis .     a - +0 long sword
rCold  . . .     Gourm    .     v - +0 chain mail
rNeg   . . .     Faith    .     c - +1 shield
rPois  .         Spirit   +     (helmet restricted)
rElec  .         Reflect  .     (no cloak)
rCorr  .         Harm     .     (no gloves)
MR     .....                    (no boots)
Stlth  ..........               D - amulet of guardian spirit
                                y - ring of magical power
                                t - ring of wizardry

@: lethally poisoned (-9 -> -26), slowed, very slow
A: retaliatory headbutt, horns 2
a: no special abilities


You were on level 7 of the Dungeon.
You were not hungry.

You visited 1 branch of the dungeon, and saw 8 of its levels.
You also visited: Ossuary.

You collected 358 gold pieces.

Inventory:

Hand Weapons
 a - a +0 long sword (weapon)
Armour
 b - a +0 scale mail
 c - a +1 shield (worn)
 q - a +0 cloak
 v - a +0 chain mail (worn)
Jewellery
 t - a ring of wizardry (left hand)
 y - a ring of magical power (right hand)
 D - an amulet of guardian spirit (around neck)
 G - an uncursed ring of wizardry
Wands
 l - a wand of iceblast (6/15)
 o - a wand of disintegration (11/24)
 r - a wand of teleportation (5/9)
 B - a wand of lightning (11/15)
Scrolls
 e - a scroll of blinking
 g - 3 scrolls of remove curse
 h - a scroll of identify
 k - 3 scrolls of teleportation
 m - a scroll of magic mapping {unknown}
 s - 2 scrolls of enchant armour
Potions
 d - a potion of might
 i - a potion of magic
 n - 3 potions of flight
 p - a potion of cancellation {unknown}
 x - 2 potions of brilliance {unknown}
 A - a potion of beneficial mutation {unknown}
 C - 3 potions of heal wounds
Books
 u - a book of Maledictions

   Spells                             Type                      Level
   a - Corona                         Hexes                        1
   b - Ensorcelled Hibernation        Hexes/Ice                    2
   c - Confuse                        Hexes                        3
   d - Tukima's Dance                 Hexes                        3
   e - Dazzling Spray                 Conjuration/Hexes            3
Comestibles
 f - 3 bread rations
 E - 2 meat rations


   Skills:
 + Level 6.5 Fighting
 + Level 8.8 Long Blades
 + Level 7.2 Armour
 + Level 2.5 Dodging
 + Level 0.3 Stealth
 + Level 6.9 Shields


You had 7 spell levels left.
You didn't know any spells.

Dungeon Overview and Level Annotations

Branches:
Dungeon (8/15)
 Temple: D:4-7         Lair: D:8-11

Altars:
Cheibriados
Elyvilon
Hepliaklqana
Kikubaaqudgha
Uskayaw
Yredelemnul
Zin

Shops:
D:4 [

Annotations:
D:7 Dumah's ghost, novice DEEn


Innate Abilities, Weirdness & Mutations

You reflexively headbutt those who attack you in melee.
You have a pair of horns on your head.


Message History

* * * LOW HITPOINT WARNING * * *
x2 You feel extremely sick.
You block the orc priest's attack.
You feel better.
You are engulfed in dark miasma.
You are lethally poisoned!
* * * LOW HITPOINT WARNING * * *
x2 You feel very sick.
The orc priest hits you but does no damage.
You feel better.
You are engulfed in dark miasma.
You are lethally poisoned!
You feel your flesh rotting away!
You feel ill.
* * * LOW HITPOINT WARNING * * *
x2 You feel sick.
The orc priest hits you with a club.
* * * LOW HITPOINT WARNING * * *
You block the orc priest's attack.
You feel better.
You are engulfed in dark miasma.
You are lethally poisoned!
You feel as though you will be slow longer.
You die...

#### #(. # #.# # #.# #
#ยง# #.# #### #@# #.#
...# #o##### #.# #.## .
# #W#... #.# #.##
...#.##(#.######.####.##
<...................#.##
...................^....
.......................#
....g.....>........<....
...Z....................


You could see an orc priest and Dumah's ghost.

Vanquished Creatures
  The ghost of Lichfox the Grave Robber, a novice HuNe (Ossuary)
  A hungry ghost (D:7)
  An ogre (D:4)
  A centaur (D:6)
  Blork the orc (D:5)
  3 elf zombies (Ossuary)
  The ghost of murphvienna the Sneak, an amateur SpAs (D:3)
  A scorpion (D:7)
  6 centaur zombies (Ossuary)
  Crazy Yiuf (D:3)
  A centaur skeleton (D:4)
  3 human zombies (Ossuary)
  2 orc priests
  A bullfrog skeleton (D:7)
  4 orc wizards
  2 worker ants
  A hound zombie (D:8)
  3 mummies (Ossuary)
  2 worker ant zombies (D:7)
  7 adders
  4 gnolls (D:7)
  A worm (D:5)
  2 dart slugs
  4 leopard geckos
  12 orcs
  7 bats
  5 giant cockroaches
  A goblin (D:3)
  8 hobgoblins
  2 quokkas
  A ball python (D:4)
  12 kobolds
  A leopard gecko skeleton (D:4)
  8 rats
111 creatures vanquished.

Notes
Turn   | Place    | Note
-------+----------+-------------------------------------------
     0 | D:1      | Peloso the Minotaur Fighter began the quest for the Orb.
     0 | D:1      | Reached XP level 1. HP: 19/19 MP: 0/0
   623 | D:1      | Reached XP level 2. HP: 22/27 MP: 1/1
   826 | D:2      | Reached XP level 3. HP: 22/33 MP: 2/2
   885 | D:2      | Found a basalt altar of Yredelemnul.
   891 | D:2      | Found a snail-covered altar of Cheibriados.
  1379 | D:3      | Reached skill level 3 in Long Blades
  1399 | D:3      | Reached XP level 4. HP: 40/40 MP: 3/3
  1509 | D:3      | Noticed murphvienna's ghost (amateur SpAs)
  1524 | D:3      | Killed murphvienna's ghost
  1524 | D:3      | Reached skill level 5 in Shields
  1524 | D:3      | Reached XP level 5. HP: 45/47 MP: 4/4
  1535 | D:3      | Found a glowing silver altar of Zin.
  1841 | D:3      | Found a runed door.
  1934 | D:3      | Found a faded altar of an unknown god.
  1934 | D:3      | Found a faded altar of an unknown god.
  1941 | D:3      | Found a hide-covered altar of Uskayaw.
  1943 | D:3      | Found a faded altar of an unknown god.
  1949 | D:3      | Found a faded altar of an unknown god.
  2218 | D:3      | Noticed Crazy Yiuf
  2225 | D:3      | Killed Crazy Yiuf
  2225 | D:3      | Reached skill level 4 in Long Blades
  2225 | D:3      | Reached skill level 1 in Dodging
  2799 | D:4      | Reached skill level 5 in Armour
  2799 | D:4      | Reached XP level 6. HP: 49/55 MP: 5/5
  2808 | D:4      | Found Usewkon's Armour Shop.
  2933 | D:4      | Found a hazy altar of Hepliaklqana.
  2995 | D:4      | Reached skill level 5 in Fighting
  3206 | D:5      | Entered Level 5 of the Dungeon
  3235 | D:5      | Reached skill level 5 in Long Blades
  3331 | D:5      | Found a white marble altar of Elyvilon.
  3334 | D:5      | Noticed Blork the orc
  3344 | D:5      | Killed Blork the orc
  3344 | D:5      | Reached XP level 7. HP: 46/61 MP: 6/6
  3579 | D:6      | Found an ancient bone altar of Kikubaaqudgha.
  3726 | D:6      | You fall through a shaft for 2 floors!
  3770 | D:8      | Found a sand-covered staircase.
  3784 | Ossuary  | Entered an ossuary
  3789 | Ossuary  | Noticed Lichfox's ghost (novice HuNe)
  3804 | Ossuary  | Killed Lichfox's ghost
  3804 | Ossuary  | Reached skill level 6 in Long Blades
  3820 | Ossuary  | Reached XP level 8. HP: 54/69 MP: 7/7
  3829 | Ossuary  | Reached skill level 7 in Long Blades
  4105 | D:7      | Reached skill level 8 in Long Blades
  4262 | D:7      | Noticed Dumah's ghost (novice DEEn)
  4272 | D:7      | HP: 2/70 [poisoned by Dumah's ghost (dark miasma)]
  4275 | D:7      | Engulfed by Dumah's ghost's foul pestilence

Skill      XL: |  1  2  3  4  5  6  7  8 |
---------------+-------------------------+-----
Shields        | 4 5 6 |  6.9
Fighting       | 4 5 6 |  6.5
Armour         | 4 5 6 7 |  7.2
Long Blades    | 3 4 5 6 8 |  8.8
Dodging        | 1 2 |  2.5
Stealth        | |  0.3

Action                   |  1- 3 |  4- 6 |  7- 9 || total
-------------------------+-------+-------+-------++-------
Melee: Long sword        |    69 |   162 |   200 ||   431
       Headbutt          |    14 |    20 |    46 ||    80
  Use: Scroll            |       |       |    14 ||    14
       Potion            |       |       |     4 ||     4
  Eat: Chunk             |     1 |     7 |     3 ||    11
       Beef jerky        |       |       |     2 ||     2
       Royal jelly       |       |       |     1 ||     1
Armor: Scale mail        |    35 |    20 |       ||    55
       Chain mail        |       |    38 |    67 ||   105
Dodge: Dodged            |    24 |    39 |    38 ||   101
Block: Shield            |    38 |    89 |    88 ||   215
       Rpst.: Long sword |     6 |    14 |    13 ||    33
